 Dungeon Crawl Stone Soup version 0.28.0-53-g5a82cb258f (webtiles) character file.

Game seed: 10050952497493219470

4716 Sin92 the Fighter (level 10, 0/80 HPs)
             Began as a Demonspawn Fighter on Aug 17, 2022.
             Was a Priest of Okawaru.
             Slain by a gnoll sergeant
             ... wielding a +0 halberd
              (1 damage)
             ... in a bailey.
             The game lasted 00:14:49 (7968 turns).

Sin92 the Fighter (Demonspawn Fighter)              Turns: 7968, Time: 00:14:50

Health: 0/80       AC: 20    Str: 27    XL:     10   Next: 22%
Magic:  10/10      EV:  5    Int:  9    God:    Okawaru [***...]
Gold:   409        SH:  0    Dex: 19    Spells: 9/9 levels left

rFire   . . .      SeeInvis .   a - +0 war axe (protect)
rCold   . . .      Faith    .   c - +0 buckler
rNeg    . . .      Spirit   .   b - +1 scale mail
rPois   .          Reflect  .   (helmet restricted)
rElec   .          Harm     .   p - +0 cloak
rCorr   .          Rampage  .   i - +2 pair of gloves
Will    .....                   (no boots)
Stlth   ..........              (no amulet)
HPRegen 0.23/turn               n - +6 ring of strength
MPRegen 0.12/turn               g - +6 ring of dexterity

@: lit by a corona, under a protective aura, held, glowing
A: horns 2, ignite blood 1, spiny 2
a: Renounce Religion, Heroism


You were in a bailey.
You worshipped Okawaru.
Okawaru was most pleased with you.
You visited 2 branches of the dungeon, and saw 9 of its levels.
You also visited: Bailey.

You collected 409 gold pieces.

Inventory:

Hand Weapons
 a - a +0 war axe of protection (weapon)
 h - a +2 whip of venom
 t - a +1 war axe of flaming
Missiles
 s - 4 throwing nets (quivered)
Armour
 b - a +1 scale mail (worn)
 c - a +0 buckler (worn)
 i - a +2 pair of gloves (worn)
 p - a +0 cloak (worn)
Jewellery
 g - a +6 ring of dexterity (right hand)
 n - a +6 ring of strength (left hand)
 v - a ring of positive energy
Wands
 u - a wand of iceblast (20)
Scrolls
 e - a scroll of brand weapon
 l - 4 scrolls of identify
 o - 5 scrolls of teleportation
Potions
 d - 2 potions of might
 f - 2 potions of heal wounds
 j - a potion of degeneration
 k - a potion of attraction
 m - a potion of invisibility
 q - a potion of flight
 r - a potion of haste


   Skills:
 + Level 8.1 Fighting
 + Level 7.1 Axes
 + Level 7.4 Armour
 + Level 7.4 Shields


You had 9 spell levels left.
You didn't know any spells.
Your spell library contained the following spells:

 Spells                   Type           Power      Damage    Failure   Level
 Blink                    Tloc           0%         N/A       83%         2
 Lesser Beckoning         Tloc           0%         N/A       97%         3
 Manifold Assault         Tloc           0%         N/A       100%        5


Dungeon Overview and Level Annotations

Branches:
Dungeon (8/15)             Temple (1/1) D:4          Bailey (1/1)
   Lair: D:8-11

Altars:
Ashenzari
Cheibriados
Dithmenos
Elyvilon
Gozag
Makhleb
Nemelex Xobeh
Okawaru
Qazlal
Ru
Sif Muna
Trog
Uskayaw
Vehumet
Wu Jian
Yredelemnul
Zin
The Shining One


Innate Abilities, Weirdness & Mutations

You have a pair of horns on your head.
Your demonic aura sometimes causes spilled blood to erupt in flames.
You are mostly covered in sharp spines.


Message History

The gnoll hits you but does no damage. The gnoll sergeant closely misses you.
You struggle against the net.
The gnoll sergeant hits you but does no damage.
The gnoll hits you from afar with a +0 spear.
The gnoll shaman mumbles some strange prayers to its god against you.
You easily resist.
The gnoll sergeant hits you from afar with a +0 halberd!
You struggle against the net.
The gnoll sergeant is struck by your spines.
The gnoll sergeant hits you with a +0 halberd.
The gnoll completely misses you.
The gnoll shaman hits you but does no damage.
The gnoll sergeant hits you but does no damage.
Unknown command.
You struggle against the net.
The gnoll sergeant is struck by your spines.
The gnoll sergeant hits you but does no damage.
The gnoll barely misses you.
The gnoll shaman invokes the aid of its god against you.
You are outlined in light.
The gnoll sergeant hits you from afar with a +0 halberd!
* * * LOW HITPOINT WARNING * * *
You rip the net and break free!
The gnoll sergeant hits you but does no damage.
The gnoll hits you but does no damage. You block the gnoll shaman's attack.
The gnoll sergeant hits you from afar with a +0 halberd.
* * * LOW HITPOINT WARNING * * *
Unknown command.
You hit the gnoll sergeant but do no damage.
Your weapon exudes an aura of protection.
The gnoll sergeant is severely wounded.
You block the gnoll sergeant's attack. You block the gnoll's attack.
The gnoll shaman hits you from afar with a +0 trident!
* * * LOW HITPOINT WARNING * * *
The gnoll sergeant hits you from afar with a +0 halberd!
* * * LOW HITPOINT WARNING * * *
You block the gnoll sergeant's attack.
The gnoll throws a throwing net.
The throwing net hits you.
You become entangled in the net!
The gnoll sergeant hits you from afar with a +0 halberd.
You die...

#...≈≈♣♣ ###..≈.♣
#..≈.♣♣ #..≈..♣ ####
#..≈..♣ ##...# #..≈..♣♣
##.....######..≈...♣♣
#...$.g.#...'.).†...♣♣♣#
+...8.g)@...'..))..∩..∩#
#...$.°)#...'.......♣♣♣#
##...gg######..≈...♣♣
##...# #..≈...♣ ####
#..≈...♣ #..≈..♣♣
#..≈.♣♣ #..≈.♣


You could see 2 gnoll sergeants, a gnoll shaman and a gnoll.

Vanquished Creatures
  Harold (D:7)
  Joseph (D:7)
  A troll (D:7)
  Grinder (D:4)
  4 vampire mosquitoes (D:7)
  3 water moccasins
  2 orc warriors (D:6)
  A black bear (D:8)
  2 ice beasts
  4 ogres
  3 centaurs
  A phantom (D:4)
  2 bullfrogs
  A scorpion (D:5)
  A water moccasin skeleton (D:6)
  6 wights
  5 jellies
  A centaur skeleton (D:7)
  3 orc priests
  Crazy Yiuf (D:4)
  3 hounds
  3 bullfrog skeletons
  Natasha (thrice) (D:4)
  3 iguanas
  2 orc wizards
  A hound zombie (D:4)
  A hound skeleton (D:5)
  A howler monkey zombie (D:8)
  10 gnolls
  7 adders
  3 white imps
  An ufetubus (D:5)
  A worm (D:3)
  A dart slug (D:1)
  21 orcs
  2 ball pythons
  8 endoplasms
  2 giant cockroaches (D:1)
  10 goblins
  11 hobgoblins
  2 jackals (D:2)
  6 quokkas
  6 bats
  2 frilled lizards
  3 kobolds
  6 rats
163 creatures vanquished.

Notes
Turn   | Place    | Note
-------+----------+-------------------------------------------
     0 | D:1      | Sin92 the Demonspawn Fighter began the quest for the Orb.
     0 | D:1      | Reached XP level 1. HP: 18/18 MP: 1/1
   303 | D:1      | Gained mutation: You have a pair of small horns on your
                  | head. [demonic ancestry]
   303 | D:1      | Reached XP level 2. HP: 20/24 MP: 2/2
   746 | D:1      | Reached XP level 3. HP: 29/29 MP: 3/3
  2104 | D:3      | Gained mutation: Your demonic aura sometimes causes spilled
                  | blood to erupt in flames. [demonic ancestry]
  2104 | D:3      | Reached XP level 4. HP: 30/36 MP: 4/4
  2457 | D:3      | Gained mutation: You have a pair of horns on your head.
                  | [demonic ancestry]
  2457 | D:3      | Reached XP level 5. HP: 42/42 MP: 5/5
  3009 | D:3      | Reached skill level 4 in Fighting
  3226 | D:4      | Found a sparkling altar of Nemelex Xobeh.
  3280 | D:4      | Found a staircase to the Ecumenical Temple.
  3312 | Temple   | Entered the Ecumenical Temple
  3544 | D:4      | Noticed Grinder
  3552 | D:4      | Paralysed by Grinder for 3 turns
  3557 | D:4      | Killed Grinder
  3558 | D:4      | Reached XP level 6. HP: 41/49 MP: 6/6
  3611 | D:4      | Found an ornate altar of the Wu Jian Council.
  3650 | D:4      | Noticed Natasha
  3664 | D:4      | Killed Natasha
  3845 | D:4      | Noticed an angel
  3866 | D:4      | Noticed Natasha
  3875 | D:4      | Killed Natasha
  3876 | D:4      | Reached XP level 7. HP: 55/55 MP: 7/7
  3938 | D:4      | Noticed Natasha
  3944 | D:4      | Killed Natasha
  4032 | D:4      | Found a runed translucent door.
  4033 | D:4      | Noticed Crazy Yiuf
  4038 | D:4      | Killed Crazy Yiuf
  4110 | D:5      | Entered Level 5 of the Dungeon
  4289 | D:5      | Reached skill level 5 in Fighting
  4643 | D:5      | Reached skill level 5 in Armour
  4912 | D:5      | Reached skill level 5 in Shields
  4912 | D:5      | Gained mutation: You are partially covered in sharp spines.
                  | [demonic ancestry]
  4912 | D:5      | Reached XP level 8. HP: 60/63 MP: 8/8
  5340 | D:6      | Found an opulent altar of Gozag.
  5349 | D:6      | Found a snail-covered altar of Cheibriados.
  5350 | D:6      | Found a shimmering blue altar of Sif Muna.
  5350 | D:6      | Found a sacrificial altar of Ru.
  5354 | D:6      | Found an iron altar of Okawaru.
  5384 | D:6      | Became a worshipper of Warmaster Okawaru
  5644 | D:6      | Reached skill level 5 in Axes
  5649 | D:6      | Reached skill level 6 in Fighting
  5689 | D:6      | Reached * piety under Okawaru
  6057 | D:6      | Reached XP level 9. HP: 57/71 MP: 9/9
  6397 | D:7      | Noticed Harold
  6413 | D:7      | Killed Harold
  6413 | D:7      | Reached ** piety under Okawaru
  6414 | D:7      | Reached skill level 7 in Fighting
  6905 | D:7      | Noticed Joseph
  6918 | D:7      | Killed Joseph
  6918 | D:7      | Reached *** piety under Okawaru
  7067 | D:7      | Noticed a troll
  7077 | D:7      | Killed a troll
  7078 | D:7      | Gained mutation: You are mostly covered in sharp spines.
                  | [demonic ancestry]
  7078 | D:7      | Reached XP level 10. HP: 38/80 MP: 10/10
  7527 | D:8      | Reached skill level 8 in Fighting
  7905 | D:8      | Found a flagged portal.
  7915 | Bailey   | Entered a bailey
  7967 | Bailey   | HP: 1/80 [gnoll sergeant/+0 halberd (11)]
  7968 | Bailey   | Slain by a gnoll sergeant

Illustrated notes

Levels and vault maps discovered:
D:1:      psy_arrival_basics, layout_basic
D:2:      layout_loops_ring
D:3:      layout_basic, grunt_ministairs_6, chequers_serial_rivers_micro_a
D:4:      layout_cave_pools, zin_angel, nzn_wu_jian_contemplation,
          mainiacjoe_overflow_cross_hatched, minmay_temple_entry_mini_moons,
          ebering_dispersal_statue_hall, uniq_natasha, uniq_grinder,
          uniq_crazy_yiuf_cottage
D:5:      layout_basic
D:6:      layout_rooms, minitemple, minmay_fractal_squares_gapless_5
D:7:      layout_rooms, uniq_harold, uniq_joseph
D:8:      layout_rooms, enter_bailey_3, st_stairs_7
Temple:   grunt_temple_mini_profane
Bailey:   bailey_polearm_gnolls_kennysheep, bailey

Skill      XL: |  1  2  3  4  5  6  7  8  9 10 |
---------------+-------------------------------+-----
Axes           | 2 3 4 5 6 7 |  7.1
Armour         | 3 4 5 6 7 |  7.4
Shields        | 3 4 5 6 7 |  7.4
Fighting       | 4 5 6 7 8 |  8.1

Action                   |  1- 3 |  4- 6 |  7- 9 | 10-12 || total
-------------------------+-------+-------+-------+-------++-------
Melee: War axe           |   105 |   114 |   163 |    54 ||   436
       Headbutt          |    10 |    17 |    38 |     6 ||    71
  Use: Scroll            |     2 |     4 |     4 |       ||    10
       Potion            |       |     4 |     1 |       ||     5
Armor: Scale mail        |    62 |    66 |    91 |    51 ||   270
Dodge: Dodged            |    35 |    56 |    79 |    34 ||   204
Block: Buckler           |    28 |    30 |    60 |    32 ||   150
